 Dungeon Crawl Stone Soup version 0.21-a0-529-g8c7b3f5 (webtiles) character file.

61 Gerstahl the Skirmisher (level 4, -6/29 HPs)
             Began as a Gargoyle Monk on Dec 9, 2017.
             Mangled by a gnoll
             ... wielding a +0 flail
              (13 damage)
             ... on level 1 of the Dungeon.
             The game lasted 00:02:59 (1471 turns).

Gerstahl the Skirmisher (Gargoyle Monk)             Turns: 1471, Time: 00:03:00

Health: -6/29      AC:  7    Str: 15    XL:     4   Next: 7%
Magic:  4/4        EV: 12    Int: 10    God:
Gold:   63         SH:  0    Dex: 13    Spells: 3/3 levels left

rFire    . . .     SeeInvis .   a - +0 falchion
rCold    . . .     Gourm    .   (no shield)
rNeg     + . .     Faith    .   f - +0 leather armour
rPois    ∞         Spirit   .   i - +0 helmet
rElec    +         Reflect  .   (no cloak)
rCorr    .         Harm     .   (no gloves)
MR       .....                  (no boots)
Stlth    ++........             (no amulet)
HPRegen  0.09/turn              (no ring)
MPRegen  0.09/turn              (no ring)

@: no status effects
A: negative energy resistance 1, electricity resistance, unbreathing,
petrification resistance, rot immunity, AC +3
a: no special abilities


You were on level 1 of the Dungeon.
You were hungry.

You visited 1 branch of the dungeon, and saw 2 of its levels.

You collected 63 gold pieces.

Inventory:

Hand Weapons
 a - a +0 falchion (weapon)
Armour
 b - a +0 robe
 f - a +0 leather armour (worn)
 i - a +0 helmet (worn)
Jewellery
 j - an uncursed amulet of guardian spirit {unknown}
Scrolls
 d - 7 scrolls of identify {unknown}
 e - a scroll of remove curse {unknown}
 k - a scroll of enchant weapon {unknown}
Potions
 h - a potion of mutation {unknown}
Comestibles
 c - a bread ration
 g - 2 meat rations


   Skills:
 + Level 4.2 Fighting
 + Level 3.4 Long Blades
 + Level 1.3 Armour
 - Level 2.4 Dodging
 - Level 2.1 Stealth


You had 3 spell levels left.
You didn't know any spells.

Dungeon Overview and Level Annotations

Branches:
Dungeon (2/15)

Altars:
Fedhas
The Shining One

Annotations:
D:2 Sigmund


Innate Abilities, Weirdness & Mutations

You are resistant to torment.
Your stone body is resilient. (AC +3)
You are immune to poison.
You resist negative energy. (rN+)
You are resistant to electric shocks. (rElec)
You can survive without breathing.
You are immune to petrification.
You are immune to rotting.


Message History

Found an escape hatch in the floor.
Found a stone staircase leading up.
Found a fizzy pink potion.
Found a blossoming altar of Fedhas.
There is a stone staircase leading up here.
The gnoll completely misses you.
You riposte.
You barely miss the gnoll.
A hobgoblin comes into view. It is wielding a spear.
There is a stone staircase leading up here.
Sigmund screams, "You will never...
NEVER!!!"
The gnoll closely misses you.
You climb upwards.
There is a stone staircase leading down here.
You barely miss the gnoll. The gnoll barely misses you.
You riposte.
You closely miss the gnoll. You completely miss the gnoll.
The gnoll misses you.
You hit the gnoll but do no damage. The gnoll misses you.
You hit the gnoll but do no damage. You hit the gnoll.
The gnoll is lightly wounded.
The gnoll hits you with a flail!
You die...

#.# ########## #.# #.#
#........# #.# #.#
#.######.# #.# ####.#
#.# #.#####.# ...#.#
#.# #.....#.#
##.#.###.#########.##.#
##.#.#................#
.#.#.#.#.#########.#..#
................@#.#..#
.....#.#.#######g#.#..#
.#.#.#.#.# #.#.#..#
.#.#.#.#.# #.#.#..#
.#.#.#.#.# #.#.#..#
.#.#.#.#.# #.#.#..#
...#)#.#.#######.#.#..#
...#.#.#...........#..#
#..#.#.#.........#.#..#


You could see a gnoll.

Vanquished Creatures
  2 gnolls (D:2)
  2 oozes
  A dart slug (D:1)
  A leopard gecko (D:1)
  2 giant cockroaches (D:1)
  4 goblins
  5 hobgoblins
  5 kobolds
  A quokka (D:2)
  2 bats (D:1)
  3 frilled lizards (D:2)
  3 rats (D:1)
31 creatures vanquished.

Notes
Turn   | Place    | Note
-------+----------+-------------------------------------------
     0 | D:1      | Gerstahl the Gargoyle Monk began the quest for the Orb.
     0 | D:1      | Reached XP level 1. HP: 14/14 MP: 1/1
    40 | D:1      | Reached XP level 2. HP: 14/19 MP: 2/2
   504 | D:1      | Reached XP level 3. HP: 20/24 MP: 3/3
   660 | D:1      | Found a glowing golden altar of the Shining One.
   747 | D:1      | Reached skill level 4 in Fighting
  1349 | D:2      | Reached skill level 1 in Armour
  1439 | D:2      | Reached XP level 4. HP: 4/29 MP: 4/4
  1443 | D:2      | Noticed Sigmund
  1450 | D:2      | Found a blossoming altar of Fedhas.
  1471 | D:1      | Mangled by a gnoll

Vault maps used:
D:1:      wheals_arrival_shading, corner_web_ring, tso_altar
D:2:      chequers_ecumenical_altar_island, fedhas_altar_1, uniq_terence,
          uniq_sigmund

Skill      XL: |  1  2  3 |
---------------+----------+-----
Long Blades    | 3 |  3.4
Fighting       | 4 |  4.2
Armour         | 1 |  1.3
Dodging        | |  2.4
Stealth        | |  2.1

Action                   |  1- 3 |  4- 6 || total
-------------------------+-------+-------++-------
Melee: Falchion          |   108 |     5 ||   113
 Stab: Sleeping          |     2 |       ||     2
  Eat: Chunk             |     1 |       ||     1
Armor: Robe              |    16 |       ||    16
       Leather armour    |    23 |       ||    23
Dodge: Dodged            |    58 |     5 ||    63
       Rpst.: Falchion   |    15 |     2 ||    17

Table legend:
 A = Spawn XP
 B = Non-spawn XP
 C = Spawn XP percentage of total XP
 D = Spawn monster count
 E = Non-spawn monster count
 F = Spawn count percentage of total count
 G = Total turns spent on level
                    A         B        C        D         E        F      G
               +---------+---------+-------+---------+---------+-------+---------
         Total |       0 |      88 |   0.0 |       0 |      31 |   0.0 |  1471
               +---------+---------+-------+---------+---------+-------+---------
           D:1 |       0 |      43 |   0.0 |       0 |      21 |   0.0 |  1221
           D:2 |       0 |      45 |   0.0 |       0 |      10 |   0.0 |   250
               +---------+---------+-------+---------+---------+-------+---------
